 Dungeon Crawl Stone Soup version 0.25-a0-1137-g7f6bfe4 (webtiles) character file.

Game seed: 5911203948198483267, levelgen mode: deterministic

107 BlueFish the Grasshopper (level 4, -7/30 HPs)
             Began as an Octopode Warper on May 23, 2020.
             Mangled by a gnoll
             ... wielding a +0 spear
              (9 damage)
             ... on level 2 of the Dungeon.
             The game lasted 00:06:17 (1925 turns).

BlueFish the Grasshopper (Octopode Warper)          Turns: 1925, Time: 00:06:17

Health: -7/30      AC:  1    Str: 11    XL:     4   Next: 85%
Magic:  0/7        EV: 14    Int: 15    God:
Gold:   81         SH:  0    Dex: 11    Spells: 3/7 levels left

rFire    . . .     SeeInvis .     - Unarmed
rCold    . . .     Gourm    .   (no shield)
rNeg     . . .     Faith    .   (helmet restricted)
rPois    .         Spirit   .   (no amulet)
rElec    .         Reflect  .   (no ring)
rCorr    .         Harm     .   (no ring)
MR       .....                  (no ring)
Stlth    +++.......             (no ring)
HPRegen  0.10/turn              (no ring)
MPRegen  0.10/turn              (no ring)
                                (no ring)
                                (no ring)

@: lightly drained
A: almost no armour, stealthy swim, amphibious, 8 rings, constrict 8, camouflage
1, gelatinous body 1
a: no special abilities


You were on level 2 of the Dungeon.
You were not hungry.

You visited 1 branch of the dungeon, and saw 2 of its levels.

You collected 81 gold pieces.

Inventory:

Missiles
 c - 5 boomerangs of dispersal
 h - 43 stones (quivered)
 m - a throwing net
Wands
 k - a wand of flame (24)
Scrolls
 b - a scroll of blinking
 e - a scroll of identify
 f - a scroll of fog {unknown}
Potions
 l - 2 potions of mutation
Comestibles
 d - 2 chunks of flesh


   Skills:
 * Level 2.4(2.3) Fighting
 * Level 1.7(1.5) Throwing
 * Level 2.9(2.8) Dodging
 * Level 2.7(2.6) Stealth
 * Level 2.9(2.8) Unarmed Combat
 + Level 2.1(2.0) Spellcasting
 + Level 0.1(0.0) Charms
 * Level 3.2(3.0) Translocations


You had 3 spell levels left.
You knew the following spells:

 Your Spells              Type           Power        Failure   Level  Hunger
a - Shroud of Golubria    Chrm/Tloc      #.....       19%         2    ###....
b - Blink                 Tloc           N/A          10%         2    ###....

Your spell library contained the following spells:

 Spells                   Type           Power        Failure   Level  Hunger
 Gell's Gravitas          Tloc           ##........   19%         3    ###....
 Lesser Beckoning         Tloc           ##........   19%         3    ###....
 Teleport Other           Tloc           ##......     19%         3    ###....
 Passage of Golubria      Tloc           N/A          52%         4    #####..


Dungeon Overview and Level Annotations

Branches:
Dungeon (2/15)

Altars:
The Shining One


Innate Abilities, Weirdness & Mutations

You cannot wear most types of armour.
You are very stealthy in the water. (Stealth+)
You are amphibious.
You can wear up to eight rings at the same time.
You can use your tentacles to constrict eight enemies at once.
Your skin changes colour to match your surroundings (Stealth+).
Your rubbery body absorbs attacks. (AC +1, EV +1)


Message History

* * * LOW HITPOINT WARNING * * *
You feel better.
You constrict the gnoll. The gnoll barely misses you.
Okay, then.
Casting: Shroud of Golubria (safe; 19% risk of failure)
Confirm with . or Enter, or press ? or * to list all spells.
Space distorts slightly along a thin shroud covering your body.
You constrict the gnoll. The gnoll hits you with a +0 spear!
* * * LOW HITPOINT WARNING * * *
Your shroud falls apart!
Casting: Shroud of Golubria (safe; 19% risk of failure)
Confirm with . or Enter, or press ? or * to list all spells.
Space distorts slightly along a thin shroud covering your body.
You constrict the gnoll. The gnoll closely misses you.
You tentacle-slap the gnoll.
The gnoll is severely wounded.
You constrict the gnoll. The gnoll closely misses you.
You barely miss the gnoll.
The gnoll is severely wounded.
You constrict the gnoll. The gnoll hits you with a +0 spear!
You die...

##### #####...##
#. #........##
.#####.#
#.####....# ##
#.....#.# #@#
#....# #.
......#.###g#
♣....♣ #.
..>.....g.gg#
♣♣...♣ #####.
...........g#
♣♣.♣♣ #...'.
.....g#.#.###
♣♣.♣ ###.#.
..b........#...#
♣.♣♣ #.#.
...g.........###
♣♣.♣ #÷#.
....g.....##.#
♣.♣♣ ###'##
......).. #.#
##'## #.....


You could see 4 gnolls.

Vanquished Creatures
  Crazy Yiuf (D:2)
  Terence (D:2)
  An adder (D:2)
  An ooze (D:2)
  2 dart slugs (D:1)
  An orc (D:2)
  2 giant cockroaches
  4 goblins
  4 hobgoblins
  5 kobolds (D:1)
  9 bats
  4 frilled lizards
  5 rats
40 creatures vanquished.

Vanquished Creatures (others)
  4 toadstools (D:1)
4 creatures vanquished.

Grand Total: 44 creatures vanquished

Notes
Turn   | Place    | Note
-------+----------+-------------------------------------------
     0 | D:1      | BlueFish the Octopode Warper began the quest for the Orb.
     0 | D:1      | Reached XP level 1. HP: 14/14 MP: 3/3
   146 | D:1      | Reached XP level 2. HP: 16/19 MP: 5/5
   353 | D:1      | Learned a level 2 spell: Shroud of Golubria
   356 | D:1      | Learned a level 2 spell: Blink
   549 | D:1      | Reached skill level 1 in Stealth
   626 | D:1      | Reached XP level 3. HP: 16/24 MP: 3/6
  1054 | D:2      | Noticed Terence
  1071 | D:2      | Killed Terence
  1071 | D:2      | Reached XP level 4. HP: 14/30 MP: 1/7
  1224 | D:2      | Found a glowing golden altar of the Shining One.
  1758 | D:2      | Found a runed translucent door.
  1759 | D:2      | Noticed Crazy Yiuf
  1773 | D:2      | Killed Crazy Yiuf
  1920 | D:2      | HP: 1/30 [gnoll/+0 spear (10)]
  1925 | D:2      | Mangled by a gnoll

Illustrated notes

Levels and vault maps discovered:
D:1:      ldierk_walled_garden_2, layout_loops_cross
D:2:      layout_basic, nicolae_tso_swordbearing_angel, minmay_pentomino_x2,
          uniq_crazy_yiuf_cottage, uniq_robin, uniq_terence

Skill      XL: |  1  2  3 |
---------------+----------+-----
Stealth        | 1 2 |  2.7
Fighting       | |  2.4
Throwing       | |  1.7
Dodging        | |  2.9
Unarmed Combat | |  2.9
Spellcasting   | |  2.1
Charms         | |  0.1
Translocations | |  3.2

Action                   |  1- 3 |  4- 6 || total
-------------------------+-------+-------++-------
Melee: Unarmed           |    67 |    28 ||    95
       Constrict         |    16 |     6 ||    22
       Tentacles         |    16 |     5 ||    21
       Punch             |     2 |       ||     2
Throw: Stone             |     1 |       ||     1
 Cast: Shroud of Golubri |     5 |    10 ||    15
  Use: Scroll            |     3 |     1 ||     4
       Potion            |       |     4 ||     4
 Stab: Sleeping          |    11 |     1 ||    12
  Eat: Chunk             |     1 |       ||     1
       Ration            |       |     1 ||     1
Armor: Skin              |     5 |     1 ||     6
Dodge: Dodged            |    37 |    17 ||    54

Table legend:
 A = Non-vault XP
 B = Vault XP
 C = Vault XP percentage of total XP
 D = Non-vault monster count
 E = Vault monster count
 F = Vault count percentage of total count
                 A         B        C        D         E       F
            +---------+---------+-------+---------+---------+-------
      Total |      75 |      78 |  51.0 |      37 |       3 |   7.5
            +---------+---------+-------+---------+---------+-------
        D:1 |      40 |       0 |   0.0 |      25 |       0 |   0.0
        D:2 |      35 |      78 |  69.0 |      12 |       3 |  20.0
            +---------+---------+-------+---------+---------+-------
